 Dungeon Crawl Stone Soup version 0.19-a0-1216-g363869b (webtiles) character file.

42 mrath the Digger (level 3, 0/19 HPs)
             Began as a Gargoyle Earth Elementalist on Aug 23, 2016.
             Slain by an adder (1 damage)
             ... on level 2 of the Dungeon.
             The game lasted 00:07:58 (1988 turns).

mrath the Digger (Gargoyle Earth Elementalist)      Turns: 1988, Time: 00:07:59

Health: 0/19       AC:  5    Str: 11    XL:     3   Next: 54%
Magic:  7/7        EV: 12    Int: 16    God:
Gold:   59         SH:  0    Dex: 10    Spells: 2 memorised, 4 levels left

rFire  . . .     SeeInvis .     l - +3 short sword (elec)
rCold  . . .     Gourm    .     c - +0 robe
rNeg   + . .     Faith    .     (no shield)
rPois  ∞         Spirit   .     (no helmet)
rElec  +         Dismiss  .     (no cloak)
rCorr  .         Reflect  .     (no gloves)
MR     .....     Harm     .     (no boots)
Stlth  ++........               (no amulet)
                                (no ring)
                                (no ring)

@: no status effects
A: negative energy resistance 1, electricity resistance, unbreathing,
petrification resistance, rot immunity, AC +3
a: no special abilities


You were on level 2 of the Dungeon.
You were not hungry.

You visited 1 branch of the dungeon, and saw 2 of its levels.

You collected 59 gold pieces.

Inventory:

Hand Weapons
 i - a +0 hand axe
 k - a +0 whip
 l - a +3 short sword of electrocution (weapon)
Missiles
 b - 67 stones (quivered)
Armour
 c - a +0 robe (worn)
Scrolls
 f - a scroll of fog {unknown}
 h - a scroll of identify {unknown}
 m - 3 scrolls of magic mapping {unknown}
 n - 2 scrolls of remove curse {unknown}
Potions
 a - a potion of heal wounds {unknown}
 g - a potion of lignification {unknown}
 o - a potion of curing {unknown}
Books
 e - a book of Geomancy

   Spells                             Type                      Level
   a - Sandblast                      Earth                        1
   b - Passwall                       Transmutation/Earth          2
   c - Stone Arrow                    Conjuration/Earth            3
   d - Petrify                        Transmutation/Earth          4
   e - Lee's Rapid Deconstruction     Earth                        5
Comestibles
 d - 2 bread rations
 j - a meat ration
 p - a chunk of flesh
 q - a beef jerky


   Skills:
 - Level 1.5 Dodging
 - Level 2.1 Stealth
 * Level 3.0 Spellcasting
 + Level 0.0 Conjurations
   Level 0.7 Transmutations
 + Level 4.4 Earth Magic


You had 4 spell levels left.
You knew the following spells:

 Your Spells              Type           Power        Failure   Level  Hunger
a - Sandblast             Erth           ###...       3%          1    #......
b - Stone Arrow           Conj/Erth      #.....       28%         3    ###....


Dungeon Overview and Level Annotations

Branches:
Dungeon (2/15)

Altars:


Innate Abilities, Weirdness & Mutations

You are resistant to torment.
Your stone body is resilient. (AC +3)
You are immune to poison.
You resist negative energy. (rN+)
You are resistant to electric shocks. (rElec)
You can survive without breathing.
You are immune to petrification.
You are immune to rotting.


Message History

The goblin shouts!
An adder comes into view.
The goblin hits you with a hand axe of flaming.
The goblin burns you.
Found a stone staircase leading up.
You completely miss the goblin.
The goblin hits you with a hand axe of flaming!
* * * LOW HITPOINT WARNING * * *
The goblin burns you.
* * * LOW HITPOINT WARNING * * *
The adder hisses angrily.
You hit the goblin.
You kill the goblin!
The adder bites you.
* * * LOW HITPOINT WARNING * * *
The adder barely misses you.
A goblin comes into view.
The adder barely misses you. The adder bites you.
You die...

#....#.#..#..##..##............
#.....<..# #..##............
#.......####..##..........[#
#.........................##
#.......##.....#..........#
#.........................$.
#.......###.#.............##
#.......###......######....
######.......#..@..###### ####
................S...g.....
#..............#.#.#######
##....##.####.##.#.#
..............##.#.#
.....##...#####....####
##..##..................
#..###..####....#######. ..##
#..........#####


You could see an adder and a goblin (wandering).

Vanquished Creatures
  An adder (D:2)
  A worm (D:2)
  A dart slug (D:1)
  2 giant geckos
  A ball python (D:2)
  2 bats (D:1)
  A giant cockroach (D:2)
  3 goblins
  3 hobgoblins (D:1)
  3 giant newts
  3 kobolds (D:1)
  4 rats
25 creatures vanquished.

Notes
Turn   | Place    | Note
-------+----------+-------------------------------------------
     0 | D:1      | mrath the Gargoyle Earth Elementalist began the quest for the Orb.
     0 | D:1      | Reached XP level 1. HP: 10/10 MP: 3/3
   389 | D:1      | Reached XP level 2. HP: 15/15 MP: 3/5
   605 | D:1      | Reached skill level 4 in Earth Magic
  1678 | D:2      | Reached XP level 3. HP: 17/19 MP: 1/7
  1848 | D:2      | Learned a level 3 spell: Stone Arrow
  1988 | D:2      | Slain by an adder

Vault maps used:
D:1:      sevenhm_arrival_forest_fort_small_6

Skill      XL: |  1  2  3 |
---------------+----------+-----
Earth Magic    | 4 |  4.4
Spellcasting   | 3 |  3.0
Dodging        | |  1.5
Stealth        | |  2.1
Transmutations | |  0.7

Action                   || total
-------------------------++-------
Melee: Whip              ||     3
       Club              ||     1
       Short sword       ||     2
 Cast: Sandblast         ||    46
       Stone Arrow       ||     1
  Eat: Chunk             ||     4
Armor: Robe              ||     8
Dodge: Dodged            ||    23
